 Dungeon Crawl Stone Soup version 0.20.1-1-g8b1a95d (webtiles) character file.

2320 Monsterracer the Carver (level 9, -4/71 HPs)
             Began as a Barachi Skald on July 4, 2017.
             Was a Follower of Okawaru.
             Slain by a worker ant (7 damage)
             ... on level 7 of the Dungeon.
             The game lasted 00:17:35 (6954 turns).

Monsterracer the Carver (Barachi Skald)             Turns: 6954, Time: 00:17:36

Health: -4/71      AC:  3    Str: 12    XL:     9   Next: 41%
Magic:  9/12       EV: 16    Int: 21    God:    Okawaru [*.....]
Gold:   213        SH:  0    Dex: 13    Spells: 1/12 levels left

rFire    . . .     SeeInvis .   s - +1 long sword (vamp)
rCold    . . .     Gourm    .   (no shield)
rNeg     . . .     Faith    .   b - +0 leather armour
rPois    .         Spirit   .   q - +0 helmet
rElec    .         Reflect  .   (no cloak)
rCorr    .         Harm     .   (no gloves)
MR       .....                  a - +0 pair of boots
Stlth    +.........             (no amulet)
Regen    1.3/turn               i - +3 ring of evasion
MPRegen  0.2/turn               t - -2 ring of protection (curse)

@: brilliant, lethally poisoned (-4 -> -6), very slightly contaminated,
regenerating, drained, slow
A: +LOS, swims, slowness 1, strong legs 1
a: Hop, Heroism, Renounce Religion


You were on level 7 of the Dungeon.
You worshipped Okawaru.
Okawaru was aware of your devotion.
You were near starving.

You visited 2 branches of the dungeon, and saw 8 of its levels.

You collected 328 gold pieces.
You spent 115 gold pieces at shops.

Inventory:

Hand Weapons
 s - a +1 vampiric long sword (weapon)
Armour
 a - a +0 pair of boots (worn)
 b - a +0 leather armour (worn)
 q - a +0 helmet (worn)
Jewellery
 i - a +3 ring of evasion (left hand)
 n - the ring of the Median {Ice +Inv}
   (You found it on level 4 of the Dungeon)

   [ring of ice]

   It enhances your ice magic.
   It makes you vulnerable to fire.
   It protects you from cold.
   It lets you turn invisible.
 o - a +2 ring of dexterity
 t - a cursed -2 ring of protection (right hand)
 w - an uncursed ring of flight {unknown}
Scrolls
 g - 5 scrolls of identify
 l - 2 scrolls of teleportation
 p - a scroll of magic mapping
 v - a scroll of amnesia
 x - a scroll of enchant weapon
Potions
 e - a potion of brilliance
Comestibles
 d - 3 bread rations
 f - 3 fruits
 k - 2 meat rations
 m - a royal jelly


   Skills:
 + Level 6.4(5.3) Fighting
 * Level 10.3(9.1) Long Blades
 + Level 3.0(2.0) Armour
 + Level 5.5(4.5) Dodging
 - Level 2.1(1.2) Spellcasting
 + Level 5.9(4.9) Charms
 + Level 1.9(0.9) Invocations


You had one spell level left.
You knew the following spells:

 Your Spells              Type           Power        Failure   Level  Hunger
a - Infusion              Chrm           ####         1%          1    ##.....
b - Song of Slaying       Chrm           ####....     1%          2    ###....
c - Shroud of Golubria    Chrm/Tloc      ###.......   1%          2    ###....
d - Spectral Weapon       Hex/Chrm       ###.....     2%          3    ####...
e - Regeneration          Chrm/Necr      ###.......   2%          3    ####...


Dungeon Overview and Level Annotations

Branches:
Dungeon (7/15)             Temple (1/1) D:6

Altars:
Ashenzari
Cheibriados
Dithmenos
Elyvilon
Fedhas
Hepliaklqana
Kikubaaqudgha
Makhleb
Nemelex Xobeh
Okawaru
Qazlal
Ru
Sif Muna
Uskayaw
Vehumet
Xom
Yredelemnul
Zin
The Shining One

Shops:
D:4 [   D:5 *


Innate Abilities, Weirdness & Mutations

Shadows flee at your approach. (+LOS)
You can swim through water.
You cover ground slowly.
You can hop short distances.


Message History

Huge Dmg: -2%(-2hp) hp: 8%(5hp)
Casting: Spectral Weapon
Confirm with . or Enter, or press ? or * to list all spells.
Your skin crawls.
You are near starving!
You feel sick. The worker ant barely misses you.
You hit the worker ant.
The worker ant is severely wounded.
You feel sick.
The worker ant bites you but does no damage.
The worker ant bites you.
* * * LOW HITPOINT WARNING * * *
You are more poisoned.
The worker ant poisons you!
Damage: -2%(-1hp) hp: 6%(4hp)
You hit the worker ant.
The worker ant is severely wounded.
* * * LOW HITPOINT WARNING * * *
You feel sick. The worker ant bites you!
You die...

#..≈## ..# ≈..#
#..≈≈##.##≈≈..#
##...≈≈5.≈≈≈....
#......34.......
#..##.#.3#.#.#..
#....###..#
###.###.# ##.#
#.)a..# .. #.#
#.@...# ... .#
............#
... #
####.##.....# ..
#. ......# . #
###.#### #.# #.#
#.# #.#


You could see a worker ant.

Vanquished Creatures
  2 orc sorcerers (D:7)
  Menkaure (D:6)
  2 phantoms (D:4)
  A black bear (D:6)
  An ogre (D:4)
  A centaur (D:6)
  A bullfrog (D:6)
  2 scorpions
  2 howler monkeys (D:5)
  2 crimson imps
  A quasit (D:6)
  3 hounds (D:4)
  An orc priest (D:4)
  Jessica (D:2)
  4 iguanas
  4 worker ants
  A howler monkey zombie (D:5)
  15 adders
  3 gnolls (D:2)
  An adder skeleton (D:4)
  An adder zombie (D:3)
  A worm (D:2)
  3 leopard geckos
  14 orcs
  6 giant cockroaches
  13 goblins
  8 hobgoblins
  14 jackals
  9 kobolds
  4 quokkas
  3 ball pythons
  12 bats
  8 frilled lizards
  A jackal zombie (D:5)
  A quokka skeleton (D:4)
  10 rats
157 creatures vanquished.

Vanquished Creatures (others)
  2 spectral weapons (D:7)
2 creatures vanquished.

Grand Total: 159 creatures vanquished

Notes
Turn   | Place    | Note
-------+----------+-------------------------------------------
     0 | D:1      | Monsterracer the Barachi Skald began the quest for the Orb.
     0 | D:1      | Reached XP level 1. HP: 17/17 MP: 3/3
    65 | D:1      | Reached skill level 3 in Long Blades
    99 | D:1      | Reached XP level 2. HP: 20/23 MP: 5/5
   145 | D:1      | Learned a level 2 spell: Song of Slaying
   148 | D:1      | Learned a level 2 spell: Shroud of Golubria
   434 | D:1      | Reached skill level 4 in Long Blades
   545 | D:1      | Reached XP level 3. HP: 28/28 MP: 6/6
   984 | D:2      | Found a stormy altar of Qazlal.
   997 | D:2      | Found a blossoming altar of Fedhas.
  1122 | D:2      | Reached skill level 5 in Long Blades
  1125 | D:2      | Noticed Jessica
  1133 | D:2      | Killed Jessica
  1133 | D:2      | Reached XP level 4. HP: 23/34 MP: 2/7
  1771 | D:2      | Reached skill level 6 in Long Blades
  1771 | D:2      | Reached XP level 5. HP: 39/39 MP: 6/8
  2118 | D:2      | Learned a level 3 spell: Spectral Weapon
  2637 | D:3      | Found a shadowy altar of Dithmenos.
  3249 | D:4      | Reached XP level 6. HP: 17/47 MP: 5/9
  3275 | D:4      | Learned a level 1 spell: Infusion
  3753 | D:4      | Reached skill level 7 in Long Blades
  3825 | D:4      | Noticed a phantom
  3933 | D:4      | Killed a phantom
  3933 | D:4      | Reached XP level 7. HP: 32/52 MP: 4/10
  4361 | D:4      | Found Itahib's Armour Emporium.
  4363 | D:4      | Got a brightly glowing golden ring
  4364 | D:4      | Identified the ring of the Median {Ice +Inv} (You found it on level 4 of the Dungeon)
  4376 | D:4      | Bought a +0 helmet for 49 gold pieces
  4520 | D:4      | Reached skill level 8 in Long Blades
  4883 | D:4      | Found a deep blue altar of Sif Muna.
  5008 | D:5      | Entered Level 5 of the Dungeon
  5082 | D:5      | Reached XP level 8. HP: 56/61 MP: 5/11
  5389 | D:5      | Found Negh's Assorted Antiques.
  5393 | D:5      | Bought a scroll labeled BAYXIKURED for 24 gold pieces
  5393 | D:5      | Bought a fizzy white potion for 21 gold pieces
  5393 | D:5      | Bought a grey potion for 21 gold pieces
  5821 | D:6      | Reached skill level 5 in Fighting
  5821 | D:6      | Reached skill level 9 in Long Blades
  6114 | D:6      | Found a staircase to the Ecumenical Temple.
  6153 | D:6      | Reached skill level 5 in Charms
  6156 | D:6      | Noticed Menkaure
  6165 | D:6      | Killed Menkaure
  6195 | Temple   | Entered the Ecumenical Temple
  6202 | Temple   | Became a worshipper of Warmaster Okawaru
  6444 | D:6      | Reached skill level 5 in Dodging
  6592 | D:7      | Noticed an orc sorcerer
  6593 | D:7      | Noticed an orc sorcerer
  6601 | D:7      | Noticed a rust devil
  6603 | D:7      | Killed an orc sorcerer
  6603 | D:7      | Reached * piety under Okawaru
  6603 | D:7      | Reached skill level 10 in Long Blades
  6603 | D:7      | Reached skill level 1 in Invocations
  6603 | D:7      | Reached XP level 9. HP: 12/69 MP: 4/12
  6610 | D:7      | Noticed an orange demon
  6821 | D:6      | Learned a level 3 spell: Regeneration
  6939 | D:7      | Noticed an orange demon
  6940 | D:7      | HP: 1/69 [orange demon[an orc sorcerer] (11)]
  6947 | D:7      | Killed an orc sorcerer
  6954 | D:7      | HP: 3/71 [poisoned by a worker ant]
  6954 | D:7      | Slain by a worker ant

Skill      XL: |  1  2  3  4  5  6  7  8  9 |
---------------+----------------------------+-----
Long Blades    | 3 4 5 6 7 8 10 | 10.3
Fighting       | 3 4 6 |  6.4
Dodging        | 3 4 5 |  5.5
Charms         | 4 5 |  5.9
Armour         | 2 3 |  3.0
Invocations    | 1 |  1.9
Spellcasting   | |  2.1

Action                   |  1- 3 |  4- 6 |  7- 9 || total
-------------------------+-------+-------+-------++-------
Melee: Falchion          |   106 |   167 |       ||   273
       Long sword        |       |    62 |   252 ||   314
 Cast: Infusion          |     5 |     6 |    16 ||    27
       Shroud of Golubri |     1 |    10 |     9 ||    20
       Song of Slaying   |     1 |     4 |     2 ||     7
       Spectral Weapon   |       |       |     2 ||     2
       Regeneration      |       |       |     1 ||     1
Invok: Heroism           |       |       |     1 ||     1
 Abil: Hop               |       |       |     2 ||     2
  Use: Potion            |     2 |     5 |    10 ||    17
       Scroll            |       |     5 |     5 ||    10
  Eat: Chunk             |     1 |    11 |    12 ||    24
Armor: Leather armour    |    40 |    38 |    40 ||   118
       Skin              |       |     5 |       ||     5
Dodge: Dodged            |    88 |   191 |   225 ||   504
       Rpst.: Falchion   |    33 |    41 |       ||    74
       Long sword        |       |    15 |    60 ||    75
